 Dungeon Crawl Stone Soup version 0.23.2-40-g277498a001 (webtiles) character file.

Game seed: 6505952260469771540

67 RogiNicba the Chopper (level 4, -9/37 HPs)
             Began as a Minotaur Gladiator on Oct 14, 2019.
             Killed by divine providence
             ... invoked by an orc priest
              (14 damage)
             ... on level 2 of the Dungeon.
             The game lasted 00:11:19 (1367 turns).

RogiNicba the Chopper (Minotaur Gladiator)          Turns: 1367, Time: 00:11:19

Health: -9/37      AC:  8    Str: 19    XL:     4   Next: 0%
Magic:  3/3        EV:  8    Int:  5    God:
Gold:   43         SH:  0    Dex: 12    Spells: 3/3 levels left

rFire    . . .     SeeInvis .   a - +0 war axe
rCold    . . .     Gourm    .   (no shield)
rNeg     . . .     Faith    .   i - +0 chain mail (curse)
rPois    .         Spirit   .   c - +0 hat
rElec    .         Reflect  .   (no cloak)
rCorr    .         Harm     .   (no gloves)
MR       .....                  (no boots)
Stlth    ..........             (no amulet)
HPRegen  0.12/turn              (no ring)
MPRegen  0.08/turn              (no ring)

@: lightly drained
A: retaliatory headbutt, horns 2
a: no special abilities


You were on level 2 of the Dungeon.
You were hungry.

You visited 1 branch of the dungeon, and saw 2 of its levels.

You collected 43 gold pieces.

Inventory:

Hand Weapons
 a - a +0 war axe (weapon)
Missiles
 d - 3 throwing nets (quivered)
Armour
 b - a +0 leather armour
 c - a +0 hat (worn)
 i - a cursed +0 chain mail (worn)
 m - a +3 ring mail
Jewellery
 h - a cursed amulet of inaccuracy {unknown}
Wands
 g - a wand of iceblast (8)
Scrolls
 e - 3 scrolls of remove curse {unknown}
 j - 2 scrolls of fear {unknown}
 k - 2 scrolls of enchant weapon {unknown}
Comestibles
 f - 5 rations
 l - 6 chunks of flesh


   Skills:
 + Level 2.6 Fighting
 + Level 4.6 Axes
 - Level 2.1 Throwing
 * Level 2.2 Armour
 - Level 3.8(3.7) Dodging


You had 3 spell levels left.
You didn't know any spells.
Your spell library was empty.

Dungeon Overview and Level Annotations

Branches:
Dungeon (2/15)

Altars:


Innate Abilities, Weirdness & Mutations

You reflexively headbutt those who attack you in melee.
You have a pair of horns on your head.


Message History

The goblin barely misses you.
The orc priest looks braver for a moment.
You are feeling hungry.
There is an open door here.
You slash the goblin!
You kill the goblin!
You have reached level 4!
You feel agile.
As you close the door, it creaks loudly!
An orc priest opens the door.
You close the door.
An orc priest opens the door.
You close the door.
Something unseen opens the door.
The orc priest invokes the aid of Beogh against you.
Beogh smites you!
* * * LOW HITPOINT WARNING * * *
You see here a stone.
The orc priest invokes the aid of Beogh against you.
Beogh smites you!
You die...

#.....†....o.'..........'......
.......#########o.........#######
....(.. #..........# .....[.
#..........# ....b.. #..........#
......( #o.........# .....$.
#..>.......#


og..... #####(.........# #...)@########## #.###.# # #[######
###.###.#.(..####### ........+....'.....# #######.#....#####.## #.#..÷.# #..#
#.#....# ##.# ######'#....# #.## You could see an orc warrior and an orc priest.

Vanquished Creatures
  A gnoll (D:1)
  An ooze (D:2)
  A worm (D:2)
  2 dart slugs (D:1)
  2 leopard geckos (D:1)
  4 bats
  4 giant cockroaches
  7 goblins
  2 hobgoblins (D:1)
  9 kobolds
  2 ball pythons
  4 frilled lizards (D:1)
  8 rats
47 creatures vanquished.

Notes
Turn   | Place    | Note
-------+----------+-------------------------------------------
     0 | D:1      | RogiNicba the Minotaur Gladiator began the quest for the
                  | Orb.
     0 | D:1      | Reached XP level 1. HP: 18/18 MP: 0/0
   219 | D:1      | Reached XP level 2. HP: 25/25 MP: 1/1
   369 | D:1      | Reached skill level 4 in Axes
   681 | D:1      | Reached XP level 3. HP: 30/30 MP: 2/2
   719 | D:1      | Reached skill level 1 in Armour
  1347 | D:2      | Noticed an orc warrior
  1355 | D:2      | Reached XP level 4. HP: 15/37 MP: 3/3
  1367 | D:2      | Killed from afar by an orc priest

Skill      XL: |  1  2  3 |
---------------+----------+-----
Axes           | 4 |  4.6
Armour         | 2 |  2.2
Fighting       | |  2.6
Throwing       | |  2.1
Dodging        | |  3.8

Action                   |  1- 3 |  4- 6 || total
-------------------------+-------+-------++-------
Melee: War axe           |    90 |       ||    90
       Headbutt          |    17 |       ||    17
  Eat: Chunk             |     1 |       ||     1
Armor: Leather armour    |     6 |       ||     6
       Chain mail        |    26 |       ||    26
Dodge: Dodged            |    65 |       ||    65
